 Dungeon Crawl Stone Soup version 0.17-a0-1115-g0372368 (console) character file.

1912 Monkaria the Carver (level 8, 0/60 HPs)
             Began as a Demonspawn Chaos Knight on May 23, 2015.
             Succumbed to a killer bee's poison
             ... on level 6 of the Dungeon.
             The game lasted 00:13:09 (6486 turns).

Monkaria the Carver (Demonspawn Chaos Knight)       Turns: 6486, Time: 00:13:09

Health: 0/60       AC: 14    Str: 16    XL:     8   Next: 95%
Magic:  1/8        EV:  8    Int: 15    God:    Xom [..*...]
Gold:   237        SH:  0    Dex: 12    Spells: 0 memorised, 7 levels left

rFire  . . .     SeeInvis .     a - +0 falchion (chaos)
rCold  . . .     Clarity  .     B - +1 chain mail {rN+}
rNeg   + . .     SustAt   .     (no shield)
rPois  .         Gourm    .     (no helmet)
rElec  .         Spirit   +     k - +0 cloak (curse)
rCorr  .         Warding  .     p - +1 pair of gloves
rMut   .         Stasis   .     (no boots)
MR     .....                    i - amulet of guardian spirit
Stlth  ..........               (no ring)
                                (no ring)

@: lethally poisoned (0 -> -2), not resistant to hostile enchantments, extremely
unstealthy
A: talons 1, blurry vision 1, clever 1, demonic guardian 1, powered by pain 2
a: Renounce Religion


You were on level 6 of the Dungeon.
You worshipped Xom.
You were a toy of Xom.
You were not hungry.

You visited 2 branches of the dungeon, and saw 7 of its levels.

You collected 237 gold pieces.

Inventory:

Hand weapons
 a - a +0 falchion of chaos (weapon)
 w - a +0 mace of protection
 C - a +0 blowgun
Missiles
 y - 21 poisoned needles
 z - 11 tomahawks (quivered)
Armour
 k - a cursed +0 cloak (worn)
 p - a +1 pair of gloves (worn)
 B - a +1 chain mail of positive energy (worn)
Magical staves
 E - an uncursed staff of cold
Jewellery
 i - an amulet of guardian spirit (around neck)
 x - an uncursed ring of ice
Magical devices
 e - a wand of polymorph (0)
 D - a wand of digging (7)
Scrolls
 d - 4 scrolls of remove curse
 g - a scroll of immolation
 h - 2 scrolls of enchant armour
 l - a scroll of identify
 o - a scroll of noise {unknown}
 q - 2 scrolls of recharging {unknown}
 r - a scroll of fear {unknown}
 s - 2 scrolls of amnesia {unknown}
 t - 2 scrolls of magic mapping {unknown}
 u - 3 scrolls of teleportation {unknown}
 A - 2 scrolls of blinking {unknown}
Potions
 F - a potion of brilliance
Books
 b - a book of Spatial Translocations

   Spells                             Type                      Level
   a - Apportation                    Translocation                1
   b - Blink                          Translocation                2
   c - Shroud of Golubria             Charms/Translocation         2
   d - Portal Projectile              Translocation                3
   e - Teleport Other                 Translocation                3
   f - Passage of Golubria            Translocation                4
 H - a book of Transfigurations

   Spells                             Type                      Level
   a - Stoneskin                      Transmutation/Earth          2
   b - Irradiate                      Conjuration/Transmutation    5
   c - Statue Form                    Transmutation/Earth          6
   d - Hydra Form                     Transmutation                6
   e - Dragon Form                    Transmutation                7
Comestibles
 c - 5 bread rations
 f - 2 slices of pizza
 j - 2 chunks of flesh
 n - 5 meat rations
 G - 4 fruits
 I - a beef jerky


   Skills:
 - Level 4.1 Fighting
 - Level 8.1 Long Blades
 - Level 5.0 Armour
 + Level 5.0 Dodging


You had 7 spell levels left.
You didn't know any spells.

Dungeon Overview and Level Annotations

Branches:
Dungeon (6/15)             Temple (1/1) D:4

Altars:
Ashenzari
Dithmenos
Elyvilon
Fedhas
Gozag
Kikubaaqudgha
Nemelex Xobeh
Okawaru
Qazlal
Sif Muna
Trog
Vehumet
Xom
Yredelemnul
Zin
The Shining One

Shops:
D:5 %


Innate Abilities, Weirdness & Mutations

A weak demonic guardian rushes to your aid.
You sometimes gain power by taking damage.
You have sharp toenails.
Scrolls take you a little longer to read.
Your mind is acute. (Int +2)


Message History

Your kick misses something.
Something stings you but does no damage.
Your crimson imp misses something.
Something completely misses you.
You closely miss something.
* * * LOW HITPOINT WARNING * * *
You feel sick.
Something stings you but does no damage.
Your crimson imp hits something.
Reactivating autopickup.
Your Dodging skill increases to level 5!
You feel a bit more experienced.
Drink which item? (? for menu, Esc to quit)
Okay, then.
Read which item? (? for menu, Esc to quit)
You begin reading the scroll.
You continue reading the scroll.
As you read the scroll labeled FECRE YSYQAN, it crumbles to dust.
You smell sulphur.
It was a scroll of random uselessness.
Read which item? (? for menu, Esc to quit)
You die...
Xom snickers!

#.# #.# #.#
###.########
#########
............
#........
###.########
###.############ #
#.#
#..)†..†<......#
###.#
#.#5####.#####.#
(##.# #.#@# #...
.##.# #.#.# ###.#
..#.# #######.#.#
.#
#.#.####.......#.#
.
...............#.#
##
#.#............#.#
..#............#.#
#.).....####'#.#.#
#.......# #.#.#


You could see a friendly crimson imp.

Vanquished Creatures
  Grinder (D:5)
  Edmund (D:4)
  An orc warrior (D:6)
  The ghost of Monkaria the Skirmisher, an average DsCK of Xom (D:3)
  2 giant frogs (D:6)
  3 killer bees (D:6)
  A scorpion (D:6)
  3 crimson imps (D:5)
  4 hounds
  A centaur zombie (D:5)
  An orc priest (D:3)
  Crazy Yiuf (D:6)
  4 orc wizards
  4 worker ants
  Robin (D:4)
  3 adders
  Natasha (twice) (D:4)
  3 gnolls (D:5)
  2 oozes (D:4)
  A worm (D:3)
  2 giant geckos
  16 orcs
  2 ball pythons
  2 bat skeletons
  4 giant cockroaches
  17 goblins
  9 hobgoblins
  12 jackals
  8 kobolds
  2 quokkas
  7 bats
  A giant newt (shapeshifter) (D:4)
  6 giant newts
  6 rats
134 creatures vanquished.

Vanquished Creatures (collateral kills)
  Sigmund (D:6)
  Menkaure (D:4)
  A centaur (D:6)
  A giant frog (D:6)
  3 killer bees (D:6)
  A scorpion (D:4)
  A worker ant (D:6)
  3 orcs
  A ball python (D:4)
  2 giant cockroaches (D:6)
15 creatures vanquished.

Vanquished Creatures (others)
  3 quasits
  3 crimson imps
  2 killer bees (D:6)
  2 iron imps
  An orc wizard (D:6)
  4 worker ants (D:6)
  9 white imps
  3 ufetubi
  An orc (D:3)
  A giant cockroach (D:6)
29 creatures vanquished.

Grand Total: 178 creatures vanquished

Notes
Turn   | Place    | Note
--------------------------------------------------------------
     0 | D:1      | Monkaria the Demonspawn Chaos Knight began the quest for the Orb.
     0 | D:1      | Reached XP level 1. HP: 18/18 MP: 1/1
   426 | D:1      | XOM: potion effect (berserk rage)
   452 | D:1      | Gained mutation: You sometimes gain a little power by taking damage. [demonic ancestry]
   452 | D:1      | Reached XP level 2. HP: 24/24 MP: 2/2
   518 | D:1      | XOM: divination: detect creatures
   987 | D:2      | Found a bloodstained altar of Trog.
   994 | D:2      | XOM: smoke on damage
  1001 | D:2      | Reached skill level 4 in Fighting
  1008 | D:2      | XOM: divination: magic mapping
  1281 | D:2      | XOM: divination: detect items
  1373 | D:2      | Reached XP level 3. HP: 28/30 MP: 3/3
  1413 | D:2      | XOM: harmless Ice miscast
  1514 | D:2      | XOM: harmless Air miscast
  1857 | D:3      | XOM: potion effect (invisibility)
  1870 | D:3      | Gained mutation: You sometimes gain power by taking damage. [demonic ancestry]
  1870 | D:3      | Reached XP level 4. HP: 33/37 MP: 2/4
  1966 | D:2      | XOM: harmless Hex miscast
  2042 | D:2      | XOM: harmless Trmt miscast
  2187 | D:3      | Found an iron altar of Okawaru.
  2242 | D:3      | XOM: mild Tloc miscast
  2248 | D:3      | XOM: potion effect (berserk rage)
  2262 | D:3      | Gained mutation: A weak demonic guardian rushes to your aid. [demonic ancestry]
  2262 | D:3      | Reached XP level 5. HP: 29/42 MP: 3/5
  2358 | D:3      | Noticed Monkaria's ghost (average DsCK)
  2560 | D:3      | Found an ancient bone altar of Kikubaaqudgha.
  2577 | D:3      | XOM: harmless Tloc miscast
  2646 | D:3      | XOM: divination: detect items
  2661 | D:3      | Killed Monkaria's ghost
  2898 | D:3      | XOM: silly message
  2957 | D:4      | XOM: mild Air miscast
  3162 | D:4      | Reached skill level 5 in Armour
  3176 | D:4      | Noticed Edmund
  3184 | D:4      | XOM: noise
  3186 | D:4      | XOM: potion effect (berserk rage)
  3197 | D:4      | Killed Edmund
  3197 | D:4      | Reached XP level 6. HP: 40/48 MP: 4/6
  3203 | D:4      | Noticed Natasha
  3207 | D:4      | Noticed Natasha
  3207 | D:4      | Natasha changed into Natasha the ooze
  3208 | D:4      | Killed Natasha the ooze
  3224 | D:4      | Noticed Robin
  3245 | D:4      | Killed Robin
  3251 | D:4      | Noticed Natasha
  3266 | D:4      | Killed Natasha
  3294 | D:4      | XOM: medium Chrm miscast
  3448 | D:4      | XOM: harmless Erth miscast
  3652 | D:4      | Noticed Natasha
  3669 | D:4      | XOM: harmless Erth miscast
  3696 | D:4      | Gained mutation: Scrolls take you a little longer to read. [potion of mutation]
  3696 | D:4      | Gained mutation: You have sharp toenails. [potion of mutation]
  3701 | D:4      | Killed Natasha
  3706 | D:4      | Gained mutation: Your mind is acute. (Int +2) [potion of mutation]
  3938 | D:4      | XOM: harmless Summ miscast
  4007 | D:4      | Found a staircase to the Ecumenical Temple.
  4029 | Temple   | XOM: stealth player
  4029 | Temple   | Entered the Ecumenical Temple
  4109 | D:4      | Noticed Menkaure
  4413 | D:4      | XOM: butterfly on damage
  4414 | D:4      | XOM: potion effect (brilliance)
  4418 | D:4      | Killed Menkaure
  4418 | D:4      | Reached skill level 5 in Long Blades
  4418 | D:4      | Reached XP level 7. HP: 31/54 MP: 4/7
  4532 | D:4      | Found a sparkling altar of Nemelex Xobeh.
  4936 | D:5      | Entered Level 5 of the Dungeon
  5112 | D:5      | Reached skill level 6 in Long Blades
  5219 | D:5      | Found a bloodstained altar of Trog.
  5219 | D:5      | Found Lenimpe's Food Shop.
  5330 | D:5      | Found a stormy altar of Qazlal.
  5372 | D:5      | Noticed Grinder
  5376 | D:5      | XOM: summons friendly crimson imp
  5377 | D:5      | Found a shimmering altar of Xom.
  5378 | D:5      | Paralysed by Grinder for 5 turns
  5390 | D:5      | Killed Grinder
  5390 | D:5      | Reached skill level 7 in Long Blades
  5390 | D:5      | Reached XP level 8. HP: 58/60 MP: 6/8
  5536 | D:6      | XOM: cast spell 'Olgreb's Toxic Radiance'
  5762 | D:6      | Reached skill level 8 in Long Blades
  5786 | D:6      | Reached skill level 1 in Dodging
  5873 | D:6      | Found a runed door.
  5898 | D:6      | XOM: smoke on damage
  5916 | D:6      | Found a runed door.
  5920 | D:6      | XOM: swap monsters
  5928 | D:6      | XOM: stat loss: -1 Int (14/15)
  5944 | D:6      | XOM: divine lightning (protected)
  6051 | D:6      | XOM: noise
  6286 | D:6      | Noticed Crazy Yiuf
  6294 | D:6      | Killed Crazy Yiuf
  6408 | D:6      | Noticed Sigmund
  6419 | D:6      | XOM: blink monster(s)
  6425 | D:6      | Killed Sigmund
  6447 | D:6      | XOM: harmless Fire miscast
  6448 | D:6      | XOM: summons friendly ufetubus
  6480 | D:6      | HP: 2/60 [killer bee (2)]
  6483 | D:6      | Reached skill level 5 in Dodging
  6486 | D:6      | Succumbed to a killer bee's poison

Vault maps used:
D:1:      eino_arrival_tree_alley, roderic_ancient_swastika, minmay_unequal
D:2:      trog_hazing_becter
D:3:      okawaru_ov_weapons_minmay, kiku_gazebo_pond_becter,
          serial_bayou_ford_a
D:4:      minmay_temple_entry_glass, nemelex_dance_club_becter, uniq_robin,
          uniq_edmund, uniq_natasha, uniq_menkaure
D:5:      overflow_temple_1_default, led_xom_imps, serial_shops, shop,
          first_bread, grunt_decor_one_mirror, grunt_qazlal_clouds, uniq_grinder
D:6:      lemuel_insect_pit, grunt_dithmenos_shadows, uniq_crazy_yiuf_cottage,
          uniq_sigmund
Temple:   temple_eino_lava_12

Action                   |  1- 3 |  4- 6 |  7- 9 || total
-------------------------+-------+-------+-------++-------
Melee: Falchion          |   112 |   202 |   295 ||   609
       Unarmed           |       |    20 |       ||    20
  Use: Scroll            |       |     1 |     5 ||     6
       Potion            |       |     9 |     4 ||    13
 Stab: Invisible         |     2 |     3 |     1 ||     6
       Petrifying        |     1 |       |     1 ||     2
       Distracted        |       |     1 |     2 ||     3
       Paralysed         |       |     3 |     2 ||     5
       Confused          |       |     1 |       ||     1
       Petrified         |       |       |     1 ||     1
  Eat: Chunk             |     2 |    11 |     8 ||    21
